Map: [ESL] Data-C

Players

gumiho

  • Race: Terran Terran
  • Spawn Location: 3:00

Zoun - Winner!

  • Race: Protoss Protoss
  • Spawn Location: 9:00

Event: HomeStory Cup XXI

VOD

Have the link to the VOD?

Description

Time

  • Played on: July 23, 2022, 4:41 p.m.
  • Length: 7:32

All games in this series

Show
View Real Time Build Order
Export as new Build Order

gumiho Terran 

Build Orders: Gas First Reaper Expand 

Get SALT Encoding   

  12  0:00  SCV  
  13  0:12  SCV  
  14  0:16  Supply Depot  
  14  0:24  SCV  
  14  0:27  Refinery  
  15  0:38  SCV  
  16  0:44  Barracks  
  16  0:50  SCV  
  17  1:02  SCV  
  18  1:14  SCV  
  19  1:31  Orbital Command, Reaper  
  20  1:45  Command Center  
  20  1:54  Factory  
  20  1:57  SCV  
  21  2:03  Refinery  
  21  2:05  Barracks Reactor  
  21  2:10  SCV  
  22  2:18  Supply Depot  
  22  2:22  SCV  
  23  2:39  SCV, Starport  
  23  2:41  Factory Tech Lab  
  23  2:42  Marine x2  
  26  2:52  SCV  
  26  2:58  Orbital Command  
  27  3:02  Cyclone  
  27  3:05  SCV  
  31  3:09  Marine  
  31  3:10  Marine  
  33  3:14  Orbital Command  
  33  3:17  SCV  
  33  3:19  Medivac  
  36  3:24  Supply Depot  
  36  3:27  Marine  
  36  3:30  Marine  
  36  3:32  SCV  
  39  3:38  Cyclone  
  42  3:41  SCV  
  42  3:44  SCV  
  42  3:48  Marine x2  
  44  3:51  Starport Tech Lab  
  44  3:55  SCV  
  47  3:56  SCV  
  47  3:57  Refinery  
  48  4:05  Supply Depot  
  48  4:07  SCV  
  48  4:08  SCV  
  50  4:16  Starport Reactor  
  48  4:26  Barracks x2  
  48  4:29  Marine  
  48  4:30  Stimpack  
  48  4:32  Siege Tank  
  48  4:36  SCV  
  48  4:37  SCV  
  46  4:47  Marine  
  46  4:49  Engineering Bay, SCV x2  
  47  5:00  Starport Reactor  
  47  5:01  SCV x2  
  47  5:02  Supply Depot  
  47  5:04  Siege Tank, Marine  
  53  5:13  SCV x2  
  55  5:16  Terran Infantry Weapons Level 1  
  55  5:19  Marine x2  
  55  5:20  Marine x2  
  55  5:22  Marine  
  55  5:25  SCV x2  
  55  5:27  Missile Turret  
  58  5:36  Marine  
  58  5:37  SCV x2, Marine x2  
  58  5:38  Siege Tank, Marine  
  58  5:42  Medivac  
  69  5:52  SCV  
  69  5:54  Supply Depot  
  69  5:55  Supply Depot  
  70  5:57  SCV, Medivac  
  70  5:58  Refinery, Marine x4  
  70  6:00  Marine  
  78  6:07  SCV  
  78  6:12  Combat Shield  
  78  6:16  SCV  
  78  6:17  Command Center  
  79  6:22  SCV  
  79  6:23  Marine x2  
  79  6:25  Marine  
  82  6:27  Marine x2  
  82  6:28  SCV  
  86  6:34  SCV  
  86  6:37  Siege Tank  
  89  6:40  SCV  
  89  6:42  Supply Depot  
  89  6:46  SCV, Missile Turret  
  91  6:48  Marine x2  
  91  6:52  SCV  
  94  7:01  Medivac  
  88  7:12  Marine x2  
Show
View Real Time Build Order
Export as new Build Order

Zoun Protoss - Winner!

Build Orders: 1 Gate Expand, Phoenix Opening 

Get SALT Encoding   

  12  0:00  Probe  
  13  0:12  Probe  
  14  0:17  Pylon  
  14  0:24  Probe (Chrono Boost)  
  15  0:36  Probe (Chrono Boost)  
  15  0:38  Gateway  
  16  0:45  Probe (Chrono Boost)  
  16  0:47  Assimilator  
  17  0:50  Probe  
  18  1:03  Probe  
  19  1:15  Probe  
  20  1:25  Cybernetics Core  
  20  1:34  Nexus  
  20  1:37  Probe  
  21  1:45  Pylon  
  21  1:49  Probe  
  21  1:52  Assimilator  
  22  2:01  Probe, Adept (Chrono Boost)  
  25  2:13  Probe  
  25  2:23  Adept  
  25  2:26  Probe  
  28  2:30  Stargate  
  28  2:38  Warp Gate  
  28  2:39  Probe (Chrono Boost)  
  29  2:47  Probe (Chrono Boost)  
  31  2:51  Probe (Chrono Boost)  
  31  2:54  Adept  
  31  2:57  Probe (Chrono Boost)  
  31  2:58  Probe (Chrono Boost)  
  34  3:02  Probe (Chrono Boost)  
  36  3:06  Probe  
  37  3:13  Phoenix (Chrono Boost)  
  37  3:14  Probe  
  37  3:19  Pylon  
  41  3:20  Probe  
  41  3:26  Probe  
  42  3:29  Phoenix  
  42  3:32  Probe  
  45  3:38  Twilight Council  
  45  3:39  Gateway  
  45  3:44  Probe x2  
  47  3:48  Shield Battery  
  47  3:56  Probe  
  47  3:57  Phoenix (Chrono Boost)  
  50  4:04  Pylon  
  50  4:08  Probe  
  51  4:10  Gateway  
  51  4:21  Pylon  
  51  4:30  Probe  
  52  4:34  Probe  
  52  4:36  Phoenix  
  53  4:42  Charge (Chrono Boost)  
  53  4:43  Stalker  
  55  4:46  Probe  
  55  4:48  Probe  
  57  4:54  Nexus  
  57  4:55  Pylon  
  57  4:58  Probe  
  58  5:00  Pylon, Forge  
  58  5:01  Probe  
  58  5:02  Phoenix  
  61  5:12  Gateway x2  
  61  5:15  Probe x2  
  63  5:31  Shield Battery  
  63  5:34  Photon Cannon  
  63  5:35  Probe x2  
  68  5:37  Shield Battery  
  68  5:40  Photon Cannon  
  68  5:44  Phoenix  
  68  5:47  Probe x2  
  68  5:48  Sentry  
  71  5:55  Pylon  
  71  6:02  Gateway x2  
  71  6:09  Probe x3  
  74  6:12  Zealot x3  
  74  6:14  Zealot  
  82  6:19  Gateway  
  82  6:21  Probe  
  82  6:25  Pylon, Zealot  
  85  6:27  Pylon  
  85  6:28  Phoenix  
  87  6:38  Zealot x4  
  95  6:43  Probe  
  95  6:44  Probe  
  97  6:48  Zealot  
  99  7:00  Zealot x3  
  105  7:06  Phoenix  
  99  7:11  Zealot x4  
  99  7:15  Zealot  
  99  7:23  Zealot  
  99  7:24  Zealot x2  
Tags
 
Add a new tag
Caveats
  • Supply blocks, unpowered buildings, or Contaminate may cause inaccurate times.
  • Supply counts are checked every 10 seconds.